3A
IDAHO FALLS CHUKARS @ MONROEVILLE YINZERS
06/10/2042
 
TOP OF THE 1ST
Idaho Falls Chukars batting - Pitching for Monroeville Yinzers : LHP Mané Garrincha
Pitching: LHP Mané Garrincha
Batting: RHB Cor van Capelleveen 0-0: Fly out, F8 (Line Drive, 8RD, EV 91.2 MPH)
Batting: RHB Nelson Moore 0-0: Called Strike
0-1: Called Strike
0-2: Ball
1-2: Foul Ball, location: 2F
1-2: Ball
2-2: Ball
3-2: Strikes out swinging
Batting: RHB Ben Russell 0-0: Ball
1-0: Ball
2-0: Ground out 5-3 (Groundball, 56S, EV 66.9 MPH)
Top of the 1st over - 0 runs, 0 hits, 0 errors, 0 left on base; Idaho Falls 0 - Monroeville 0
BOTTOM OF THE 1ST
Monroeville Yinzers batting - Pitching for Idaho Falls Chukars : RHP Miguel Bruno
Pitching: RHP Miguel Bruno
Batting: SHB Chong-hun Cho 0-0: Called Strike
0-1: Ball
1-1: Foul Ball, location: 2F
1-2: Foul Ball, location: 2F
1-2: Foul Ball, location: 2F
1-2: Ball
2-2: Fly out, F9 (Flyball, 9, EV 87.5 MPH)
Batting: SHB Jason Pratt 0-0: Ball
1-0: Ground out 2-3 (Groundball, 2R, EV 69.4 MPH)
Batting: LHB Adam Bisset 0-0: Ground out 6-3 (Groundball, 6D, EV 94.4 MPH)
Bottom of the 1st over - 0 runs, 0 hits, 0 errors, 0 left on base; Idaho Falls 0 - Monroeville 0
TOP OF THE 2ND
Idaho Falls Chukars batting - Pitching for Monroeville Yinzers : LHP Mané Garrincha
Batting: RHB Glenn Seals 0-0: Ball
1-0: Ball
2-0: Foul Ball, location: 2F
2-1: Ball
3-1: Swinging Strike
3-2: Ground out 1-3 (Groundball, 13, EV 89.4 MPH)
Batting: SHB Gavin Okel 0-0: Ball
1-0: Ball
2-0: Ball
3-0: Base on Balls
Batting: RHB James Childs 0-0: Ball
1-0: Swinging Strike
1-1: Ball
2-1: Called Strike
2-2: Ball
3-2: Strikes out swinging
Gavin Okel steals 2nd base (no throw)
Batter strikes out.
Batting: LHB Taroemon Nishii 0-0: Called Strike
0-1: Ball
1-1: Fly out, F8 (Line Drive, 8RM, EV 95.6 MPH)
Top of the 2nd over - 0 runs, 0 hits, 0 errors, 1 left on base; Idaho Falls 0 - Monroeville 0
BOTTOM OF THE 2ND
Monroeville Yinzers batting - Pitching for Idaho Falls Chukars : RHP Miguel Bruno
Batting: RHB Félix Pacheco 0-0: Foul Ball, location: 2F
0-1: Ball
1-1: SINGLE (Line Drive, 78S, EV 89.4 MPH)
Batting: RHB Rubén Camacho 0-0: Called Strike
0-1: Ball
1-1: Ball
2-1: Ball
3-1: Fly out, F3 (Popup, 3F, EV 81.9 MPH)
Batting: RHB Brian Martin 0-0: Called Strike
0-1: Ball
1-1: Grounds into double play, 2-4-3 (Groundball, 15S, EV 60.0 MPH)
Bottom of the 2nd over - 0 runs, 1 hit, 0 errors, 0 left on base; Idaho Falls 0 - Monroeville 0
TOP OF THE 3RD
Idaho Falls Chukars batting - Pitching for Monroeville Yinzers : LHP Mané Garrincha
Batting: RHB Clyde Monroe 0-0: SINGLE (Line Drive, 4M, EV 100.0 MPH)
Batting: RHB Joshua Dobson 0-0: Ball
Wild Pitch!
Clyde Monroe to second
1-0: SINGLE (Line Drive, 4M, EV 100.6 MPH)
Clyde Monroe to third
Batting: RHB Cor van Capelleveen 0-0: Called Strike
0-1: Swinging Strike
0-2: Strikes out swinging
Batting: RHB Nelson Moore 0-0: Foul Ball, location: 2F
0-1: Ball
1-1: Ball
2-1: Ball
3-1: Fly out, F7 (Flyball, 7S, EV 83.8 MPH)
Batting: RHB Ben Russell 0-0: Foul Ball, location: 2F
0-1: Foul Ball, location: 2F
0-2: Strikes out looking
Top of the 3rd over - 0 runs, 2 hits, 0 errors, 2 left on base; Idaho Falls 0 - Monroeville 0
BOTTOM OF THE 3RD
Monroeville Yinzers batting - Pitching for Idaho Falls Chukars : RHP Miguel Bruno
Batting: SHB John Clay 0-0: Ground out 4-3 (Groundball, 34, EV 107.5 MPH)
Batting: RHB Dave Hall 0-0: Ball
1-0: Ball
2-0: Foul Ball, location: 2F
2-1: Swinging Strike
2-2: Foul Ball, location: 2F
2-2: Foul Ball, location: 2F
2-2: Foul Ball, location: 2F
2-2: Ball
3-2: Ground out 6-3 (Groundball, 56, EV 110.6 MPH)
Batting: RHB Mike Sackett 0-0: Called Strike
0-1: Foul Ball, location: 2F
0-2: Foul Ball, location: 2F
0-2: Ball
1-2: Ball
2-2: SINGLE (Line Drive, 8RS, EV 105.0 MPH)
Batting: SHB Chong-hun Cho 0-0: Called Strike
0-1: Ground out 4-3 (Groundball, 4D, EV 103.8 MPH)
Bottom of the 3rd over - 0 runs, 1 hit, 0 errors, 1 left on base; Idaho Falls 0 - Monroeville 0
TOP OF THE 4TH
Idaho Falls Chukars batting - Pitching for Monroeville Yinzers : LHP Mané Garrincha
Batting: RHB Glenn Seals 0-0: Foul Ball, location: 2F
0-1: Fly out, F9 (Flyball, 89M, EV 86.2 MPH)
Batting: SHB Gavin Okel 0-0: Foul Ball, location: 2F
0-1: Foul Ball, location: 2F
0-2: Ground out 6-3 (Groundball, 6, EV 81.2 MPH)
Batting: RHB James Childs 0-0: Called Strike
0-1: Ball
1-1: Fly out, F8 (Line Drive, 8RD, EV 96.9 MPH)
Top of the 4th over - 0 runs, 0 hits, 0 errors, 0 left on base; Idaho Falls 0 - Monroeville 0
BOTTOM OF THE 4TH
Monroeville Yinzers batting - Pitching for Idaho Falls Chukars : RHP Miguel Bruno
Batting: SHB Jason Pratt 0-0: SINGLE (Flyball, 89M, EV 93.1 MPH)
Batting: LHB Adam Bisset 0-0: Ball
Jason Pratt steals 2nd base
1-0: Ball
2-0: Ball
3-0: Foul Ball, location: 2F
3-1: Called Strike
3-2: Base on Balls
Batting: RHB Félix Pacheco 0-0: SINGLE (Groundball, 3, EV 84.4 MPH) (infield hit)
Jason Pratt to third
Adam Bisset to second
Batting: RHB Rubén Camacho 0-0: Called Strike
0-1: Ball
1-1: SINGLE (Groundball, 6D, EV 109.4 MPH)
Jason Pratt scores
Adam Bisset to third
Félix Pacheco to second
Batting: RHB Brian Martin 0-0: Ball
1-0: Foul Ball, location: 2F
1-1: Called Strike
1-2: Foul Ball, location: 2F
1-2: Foul Ball, location: 2F
1-2: Foul Ball, location: 2F
1-2: Ball
2-2: Ball
3-2: Foul Ball, location: 2F
3-2: SINGLE (Groundball, 56D, EV 106.9 MPH)
Adam Bisset scores
Félix Pacheco to third
Rubén Camacho to second
Batting: SHB John Clay 0-0: Ball
1-0: Ground out 6-3 (Groundball, 6S, EV 71.9 MPH)
Félix Pacheco scores
Rubén Camacho to third
Brian Martin to second
Batting: RHB Dave Hall 0-0: Ball
1-0: Foul Ball, location: 2F
1-1: Ball
2-1: Swinging Strike
2-2: Foul Ball, location: 2F
2-2: Ball
3-2: Strikes out swinging
Batting: RHB Mike Sackett 0-0: Ball
1-0: Called Strike
1-1: Foul Ball, location: 2F
1-2: Strikes out swinging
Bottom of the 4th over - 3 runs, 4 hits, 0 errors, 2 left on base; Idaho Falls 0 - Monroeville 3
TOP OF THE 5TH
Idaho Falls Chukars batting - Pitching for Monroeville Yinzers : LHP Mané Garrincha
Batting: LHB Taroemon Nishii 0-0: Foul Ball, location: 2F
0-1: Swinging Strike
0-2: Ball
1-2: Foul Ball, location: 2F
1-2: Foul Ball, location: 2F
1-2: DOUBLE (Line Drive, 78XD, EV 101.9 MPH)
Batting: RHB Clyde Monroe 0-0: Swinging Strike
0-1: Foul Ball, location: 2F
0-2: Ball
1-2: Strikes out swinging
Batting: RHB Joshua Dobson 0-0: Ball
1-0: Ground out 4-3 (Groundball, 4, EV 100.0 MPH)
Taroemon Nishii to third
Batting: RHB Cor van Capelleveen 0-0: Ball
1-0: Fly out, F7 (Flyball, 7LMF, EV 90.6 MPH)
Top of the 5th over - 0 runs, 1 hit, 0 errors, 1 left on base; Idaho Falls 0 - Monroeville 3
BOTTOM OF THE 5TH
Monroeville Yinzers batting - Pitching for Idaho Falls Chukars : RHP Miguel Bruno
Batting: SHB Chong-hun Cho 0-0: Ball
1-0: Ball
2-0: Foul Ball, location: 2F
2-1: Ground out 1-3 (Groundball, 13S, EV 65.0 MPH)
Batting: SHB Jason Pratt 0-0: Ball
1-0: Ball
2-0: Ground out 1-3 (Groundball, 13, EV 95.0 MPH)
Batting: LHB Adam Bisset 0-0: Ball
1-0: Ball
2-0: Ball
3-0: Base on Balls
Batting: RHB Félix Pacheco 0-0: SINGLE (Line Drive, 78S, EV 107.5 MPH)
Adam Bisset to second
Batting: RHB Rubén Camacho 0-0: DOUBLE (Line Drive, 7LS, EV 92.5 MPH)
Adam Bisset scores
Félix Pacheco to third
Runner from 3rd tries for Home, SAFE, throw by LF to trailing runner, SAFE at third!
Batting: RHB Brian Martin 0-0: Ball
1-0: Ball
2-0: Fly out, F7 (Flyball, 7S, EV 88.1 MPH)
Bottom of the 5th over - 2 runs, 2 hits, 0 errors, 1 left on base; Idaho Falls 0 - Monroeville 5
TOP OF THE 6TH
Idaho Falls Chukars batting - Pitching for Monroeville Yinzers : LHP Mané Garrincha
Batting: RHB Nelson Moore 0-0: Called Strike
0-1: Ball
1-1: Called Strike
1-2: Ball
2-2: Foul Ball, location: 2F
2-2: Strikes out swinging
Batting: RHB Ben Russell 0-0: Called Strike
0-1: Ball
1-1: Foul Ball, location: 2F
1-2: Fly out, F8 (Flyball, 78M, EV 89.4 MPH)
Batting: RHB Glenn Seals 0-0: Ball
1-0: Ball
2-0: Ball
3-0: Base on Balls
Batting: SHB Gavin Okel 0-0: Called Strike
0-1: Ball
1-1: Ground out 4-3 (Groundball, 4M, EV 88.8 MPH)
Top of the 6th over - 0 runs, 0 hits, 0 errors, 1 left on base; Idaho Falls 0 - Monroeville 5
BOTTOM OF THE 6TH
Monroeville Yinzers batting - Pitching for Idaho Falls Chukars : RHP Miguel Bruno
Batting: SHB John Clay 0-0: Called Strike
0-1: SINGLE (Line Drive, 7S, EV 91.2 MPH)
Batting: RHB Dave Hall 0-0: Called Strike
0-1: Ball
1-1: Ball
2-1: Ball
3-1: Base on Balls
John Clay to second
Pitching: LHP Vincent Higgins
Batting: RHB Mike Sackett 0-0: Sac Bunt to 15S - play at first, batter OUT! 1-3
John Clay to third
Dave Hall to second
Batting: SHB Chong-hun Cho 0-0: Foul Ball, location: 2F
0-1: Called Strike
0-2: TRIPLE (Flyball, 9LD, EV 86.9 MPH)
John Clay scores
Dave Hall scores
Batting: SHB Jason Pratt 0-0: Ball
1-0: Ball
2-0: Ball
3-0: Base on Balls
Batting: LHB Adam Bisset 0-0: Called Strike
0-1: Ball
1-1: SINGLE (Flyball, 8RS, EV 88.8 MPH)
Chong-hun Cho scores
Jason Pratt to second
Batting: RHB Félix Pacheco 0-0: Ball
1-0: Called Strike
1-1: Ball
2-1: Ball
3-1: Base on Balls
Jason Pratt to third
Adam Bisset to second
Batting: RHB Rubén Camacho 0-0: SINGLE (Groundball, 15, EV 65.0 MPH) (infield hit)
Jason Pratt scores
Adam Bisset to third
Félix Pacheco to second
Batting: RHB Brian Martin 0-0: Ball
1-0: Foul Ball, location: 2F
1-1: Ball
2-1: Foul Ball, location: 2F
2-2: Strikes out looking
Batting: SHB John Clay 0-0: Ground out 5-3 (Groundball, 56S, EV 75.0 MPH)
Bottom of the 6th over - 4 runs, 4 hits, 0 errors, 3 left on base; Idaho Falls 0 - Monroeville 9
TOP OF THE 7TH
Idaho Falls Chukars batting - Pitching for Monroeville Yinzers : LHP Mané Garrincha
Pinch Hitting: RHB Kien Thum 0-0: Ball
1-0: Called Strike
1-1: Ball
2-1: Swinging Strike
2-2: Foul Ball, location: 2F
2-2: Ball
3-2: Ground out 4-3 (Groundball, 34, EV 99.4 MPH)
Pinch Hitting: RHB Antosha Eismant 0-0: Ground out 6-3 (Groundball, 6M, EV 88.1 MPH)
Batting: RHB Clyde Monroe 0-0: Ball
1-0: Swinging Strike
1-1: Ball
2-1: DOUBLE (Groundball, 3L, EV 97.5 MPH)
Batting: RHB Joshua Dobson 0-0: Called Strike
0-1: Called Strike
0-2: Ball
1-2: Ball
2-2: Strikes out swinging
Top of the 7th over - 0 runs, 1 hit, 0 errors, 1 left on base; Idaho Falls 0 - Monroeville 9
BOTTOM OF THE 7TH
Monroeville Yinzers batting - Pitching for Idaho Falls Chukars : LHP Vincent Higgins
Now at 1B: Vincent Robertson
Now in RF: Antosha Eismant
Batting: RHB Dave Hall 0-0: Ball
1-0: Fly out, F7 (Line Drive, 7, EV 92.5 MPH)
Pinch Hitting: RHB Jackson Duffy 0-0: Ball
1-0: Ball
2-0: Called Strike
2-1: DOUBLE (Flyball, 8LD, EV 89.4 MPH)
Pinch Hitting: RHB Jack Mayes 0-0: Ball
1-0: Reached on error, E5 (Groundball, 56S, EV 91.2 MPH)
Jackson Duffy to third
Batting: SHB Jason Pratt 0-0: Ball
1-0: Foul Ball, location: 2F
1-1: Ball
2-1: SINGLE (Flyball, 6MD, EV 102.5 MPH)
Jackson Duffy scores
Jack Mayes to second
Batting: LHB Adam Bisset 0-0: Called Strike
0-1: Called Strike
0-2: Strikes out swinging
Batting: RHB Félix Pacheco 0-0: Called Strike
0-1: Fly out, F3 (Popup, 3SF, EV 88.1 MPH)
Bottom of the 7th over - 1 run, 2 hits, 1 error, 2 left on base; Idaho Falls 0 - Monroeville 10
TOP OF THE 8TH
Idaho Falls Chukars batting - Pitching for Monroeville Yinzers : LHP Mané Garrincha
Now at 2B: Jackson Duffy
Now in RF: Jack Mayes
Batting: RHB Cor van Capelleveen 0-0: Ball
1-0: Ground out 5-3 (Groundball, 56S, EV 78.1 MPH)
Batting: RHB Nelson Moore 0-0: Foul Ball, location: 2F
0-1: Fly out, F8 (Line Drive, 8LM, EV 105.6 MPH)
Batting: RHB Ben Russell 0-0: Ball
1-0: Called Strike
1-1: Ball
2-1: Ball
3-1: SINGLE (Groundball, 34D, EV 93.8 MPH)
Batting: RHB Glenn Seals
Pinch Hitting: RHB Tony Moore 0-0: Ball
1-0: Fly out, F8 (Flyball, 89M, EV 90.6 MPH)
Top of the 8th over - 0 runs, 1 hit, 0 errors, 1 left on base; Idaho Falls 0 - Monroeville 10
BOTTOM OF THE 8TH
Monroeville Yinzers batting - Pitching for Idaho Falls Chukars : LHP Vincent Higgins
Now at 1B: Tony Moore
Batting: RHB Rubén Camacho 0-0: Called Strike
0-1: Ball
1-1: Ball
2-1: Ball
3-1: Foul Ball, location: 2F
3-2: Base on Balls
Batting: RHB Brian Martin 0-0: Fly out, F8 (Flyball, 8LD, EV 105.0 MPH)
Pitching: RHP Stan Rose
Batting: SHB John Clay 0-0: Ball
1-0: Foul Ball, location: 2F
1-1: Swinging Strike
1-2: Ball
2-2: Foul Ball, location: 2F
2-2: Fielders Choice at 2nd, 4-6 (Groundball, 4S, EV 79.4 MPH)
Batting: RHB Dave Hall 0-0: Ground out 1-3 (Groundball, 13S, EV 69.4 MPH)
Bottom of the 8th over - 0 runs, 0 hits, 0 errors, 1 left on base; Idaho Falls 0 - Monroeville 10
TOP OF THE 9TH
Idaho Falls Chukars batting - Pitching for Monroeville Yinzers : LHP Mané Garrincha
Pitching: LHP Jang-lu Moy
Batting: SHB Gavin Okel 0-0: Called Strike
0-1: Ball
1-1: Called Strike
1-2: Ball
2-2: Foul Ball, location: 2F
2-2: Foul Ball, location: 2F
2-2: Ball
3-2: Ground out 5-3 (Groundball, 56, EV 92.5 MPH)
Batting: RHB Vincent Robertson 0-0: Fly out, F8 (Line Drive, 8LM, EV 97.5 MPH)
Batting: RHB Antosha Eismant 0-0: Called Strike
0-1: Foul Ball, location: 2F
0-2: Strikes out swinging
Top of the 9th over - 0 runs, 0 hits, 0 errors, 0 left on base; Idaho Falls 0 - Monroeville 10
Friday, March 26th, 2021 - OOTP Baseball 20.8 Build 74